 Dungeon Crawl Stone Soup version 0.30-a0-1158-gd85ba11b5a (webtiles) character file.

Game seed: 4095775862261630911

5745 graymark the Covert (level 10, -2/92 HPs)
             Began as a Naga Fighter on Apr 25, 2023.
             Was a High Priest of Cheibriados.
             Slain by a wyvern (7 damage)
             ... on level 8 of the Dungeon on Apr 27, 2023.
             The game lasted 00:38:50 (9274 turns).

graymark the Covert (Naga Fighter)                  Turns: 9274, Time: 00:38:50

Health: -2/92      AC: 12    Str: 33    XL:     10   Next: 77%
Magic:  7/10       EV: 13    Int: 18    God:    Cheibriados [*****.]
Gold:   538        SH:  8    Dex: 34    Spells: 9/9 levels left

rFire   . . .        a - +0 war axe
rCold   . . .        c - +0 buckler
rNeg    + . .        K - +0 chain mail
rPois   +            (no helmet)
rElec   .            v - +2 ratskin cloak {*Rats rPois rN+ Str-1 Int-1 Dex+1}
rCorr   .            (no gloves)
SInv    +            (no barding)
Will    +....        (no amulet)
Stlth   +++          r - +6 ring of dexterity
HPRegen 0.35/turn    (no ring)
MPRegen 0.12/turn

%: random rage (3%)
@: very slow
A: AC +3, large, see invisible, deformed body, poison resistance, slowness 2,
spit poison 1, naga tail 1, agile 1, berserk 1
a: Spit Poison, Renounce Religion, Bend Time, Temporal Distortion, Slouch, Step
From Time


You were on level 8 of the Dungeon.
You worshipped Cheibriados.
Cheibriados was extremely pleased with you.
You visited 2 branches of the dungeon, and saw 9 of its levels.

You collected 538 gold pieces.

Inventory:

Hand Weapons
 a - a +0 war axe (weapon)
Missiles
 q - 3 javelins
 s - 11 boomerangs
 x - 3 throwing nets
Armour
 b - a +0 scale mail
 c - a +0 buckler (worn)
 v - the +2 ratskin cloak (worn) {*Rats rPois rN+ Str-1 Int-1 Dex+1}
   (You found it on level 4 of the Dungeon)

   *Rats:     When the wearer is hurt, rats may emerge from it to assist them.
   Str:       It affects your strength (-1).
   Int:       It affects your intelligence (-1).
   Dex:       It affects your dexterity (+1).
   rPois:     It protects you from poison.
   rN:        It protects you from negative energy.
 K - a +0 chain mail (worn)
Jewellery
 r - a +6 ring of dexterity (left hand)
 y - an amulet of regeneration
 E - an amulet of faith
 G - a ring of positive energy
Wands
 H - a wand of light (5)
 I - a wand of flame (13)
 J - a wand of charming (5)
Scrolls
 d - 3 scrolls of fog
 f - 4 scrolls of teleportation
 g - a scroll of amnesia {unknown}
 i - 2 scrolls of blinking
 l - 2 scrolls of enchant weapon {unknown}
 n - a scroll of summoning
 o - a scroll of fear {unknown}
 p - a scroll of noise {unknown}
 t - a scroll of silence
 w - a scroll of poison {unknown}
 C - a scroll of vulnerability
 D - a scroll of immolation {unknown}
Potions
 e - a potion of cancellation
 h - 3 potions of curing
 j - 2 potions of haste
 k - a potion of attraction
 m - 5 potions of lignification
 u - 5 potions of flight
 z - 2 potions of heal wounds
 A - 2 potions of berserk rage
 B - 2 potions of might
 F - 3 potions of brilliance


   Skills:
 * Level 6.7 Fighting
 + Level 7.2 Axes
 * Level 6.4 Armour
 * Level 5.9 Dodging
 - Level 8.6 Stealth
 - Level 5.7 Shields
 + Level 1.0 Invocations


You had 9 spell levels left.
You didn't know any spells.
Your spell library contained the following spells:

 Spells                   Type           Power      Damage    Failure   Level
 Freeze                   Ice            0%         1d3       63%         1
 Magic Dart               Conj           0%         1d3       63%         1
 Call Imp                 Summ           0%         N/A       77%         2
 Cigotuvi's Dreadful Rot  Necr/Pois/Air  0%         N/A       77%         2
 Poisonous Vapours        Pois/Air       0%         N/A       77%         2
 Searing Ray              Conj           0%         2d4       77%         2
 Frozen Ramparts          Ice            0%         1d1       94%         3
 Hailstorm                Conj/Ice       0%         3d3       94%         3
 Ignite Poison            Fire/Tmut/Pois 0%         N/A       94%         3
 Mephitic Cloud           Conj/Pois/Air  0%         N/A       94%         3
 Fulminant Prism          Conj/Hex       0%         3d5       100%        4
 Freezing Cloud           Conj/Ice/Air   0%         6-21      100%        5


Dungeon Overview and Level Annotations

Branches:
Dungeon (8/15)             Temple (1/1) D:4            Lair (0/5) D:8

Altars:
Ashenzari
Cheibriados
Dithmenos
Elyvilon
Fedhas
Gozag
Hepliaklqana
Kikubaaqudgha
Makhleb
Nemelex Xobeh
Qazlal
Ru
Sif Muna
Trog
Uskayaw
Vehumet
Wu Jian
Yredelemnul
Zin
The Shining One

Annotations:
D:3 exclusion: downstairs
D:5 exclusion: downstairs


Innate Abilities, Weirdness & Mutations

Your serpentine skin is tough. (AC +3)
You have supernaturally acute eyesight. (SInv)
Armour fits poorly on your strangely shaped body.
Your system is resistant to poisons. (rPois)
You cover ground very slowly.
You can spit poison.
You have a snake-like lower body.
You are agile. (Dex +4, Str/Int -1)
You sometimes lose your temper in combat.


Message History

A wyvern comes into view.
You warp the flow of time around you!
The wyvern hisses angrily.
The wyvern barely misses you. The wyvern closely misses you.
You hit the wyvern.
The wyvern is lightly wounded.
The wyvern closely misses you.
The wyvern bites you but does no damage.
You slash the wyvern!
The wyvern is severely wounded.
You block the wyvern's attack. The wyvern barely misses you.
You hit the wyvern but do no damage.
The wyvern is severely wounded.
The wyvern closely misses you. The wyvern misses you.
You hit the wyvern.
The wyvern is severely wounded.
The wyvern bites you but does no damage.
You barely miss the wyvern.
The wyvern is severely wounded.
The wyvern bites you!
* * * LOW HITPOINT WARNING * * *
The wyvern bites you!
* * * LOW HITPOINT WARNING * * *
The wyvern bites you.
* * * LOW HITPOINT WARNING * * *
A hell rat scurries out from under your cloak.
You block the wyvern's attack. The wyvern bites you!
* * * LOW HITPOINT WARNING * * *
Okay, then.
Activating: Slouch (52% risk of failure)
Press: ? - help, Dir - look around, f - activate Really Slouch near your hell rat?
Okay, then.
Activating: Slouch (52% risk of failure)
Press: ? - help, Dir - look around, f - activate Really Slouch near your hell rat?
You fail to use your ability.
You block the wyvern's attack. The wyvern bites you!
You die...

...#.#.........# ###...#
...#.#.........# ###.#
...#.#####.##### ###
#######..# ...#.#
#.#♣♣.♣ ♣♣.♣ #.♣.♣.#..#
...#.# #.#♣.♣♣ ♣.♣♣
#♣.♣.♣#..# .....#
#.#♣♣.♣♣ ♣♣.♣♣#.♣.♣.#..#
###..#
#.#♣♣..♣#♣♣♣.♣#♣.♣.♣#..#
#..#
#.#♣.♣♣.#♣...♣#.♣.♣.#..#
#..#
#.#.♣♣♣@#.###.#♣.♣.♣#..#
##.#
#.#.♣..l♣.#.#.♣♣♣[♣♣#..#
#.##
#...♣...r.#.'....#.()..#
#..#
#.#♣♣.♣♣♣.#.#.♣♣♣)♣♣#..#
#..## #.#♣.♣♣
#)###.#♣.♣.♣#..# #...#
#.#♣♣.♣♣#♣)○.♣#.♣.♣.#..#
## #.#.###.#
♣♣.♣#♣♣♣B♣#♣.♣.♣#..#
.###.#..##.#
♣♣.#♣♣○♣♣#.♣.♣.#..#
.'...##.##.# ♣♣.♣#♣)♣♣
#♣.♣.♣#..#


You could see a wyvern (ally target) and a friendly hell rat.

Vanquished Creatures
  A deep elf pyromancer (D:8)
  Psyche (D:8)
  A wyvern (D:8)
  4 yaks (D:8)
  3 steam dragons (D:8)
  3 water moccasins
  A sky beast (D:8)
  2 ice beasts
  An ogre (D:5)
  A centaur (D:8)
  4 kobold brigands
  3 bullfrogs
  3 scorpions
  8 wights
  7 killer bees (D:8)
  2 howler monkeys (D:7)
  A centaur zombie (D:7)
  2 lava snakes (D:7)
  2 bullfrog zombies (D:7)
  3 jellies
  3 orc priests (D:5)
  A gnoll bouda (D:8)
  A sleepcap (D:5)
  3 hounds
  3 iguanas
  15 orc wizards
  2 howler monkey zombies (D:7)
  11 adders
  14 gnolls
  A shadow imp (D:5)
  3 white imps
  2 ufetubi
  A worm (D:2)
  A dart slug (D:2)
  29 orcs
  4 endoplasms
  4 giant cockroaches
  6 goblins
  5 hobgoblins
  8 jackals
  8 kobolds
  2 quokkas (D:4)
  5 ball pythons
  A bat (D:1)
  A frilled lizard (D:1)
  3 rats
190 creatures vanquished.

Vanquished Creatures (collateral kills)
  A hornet zombie (D:7)
  A black bear (D:6)
  A gnoll sergeant (D:4)
  2 wights (D:7)
  A centaur zombie (D:7)
  A gnoll (D:4)
  An adder (D:6)
8 creatures vanquished.

Vanquished Creatures (others)
  A hound (D:7)
  An orc (D:8)
2 creatures vanquished.

Grand Total: 200 creatures vanquished

Notes
Turn   | Place    | Note
-------+----------+-------------------------------------------
     0 | D:1      | graymark the Naga Fighter began the quest for the Orb.
     0 | D:1      | Reached XP level 1. HP: 21/21 MP: 1/1
     3 | D:1      | Noticed an electric eel
     4 | D:1      | Noticed an electric eel
   454 | D:1      | Reached skill level 1 in Stealth
   862 | D:1      | Reached XP level 2. HP: 28/28 MP: 2/2
  1275 | D:2      | Reached XP level 3. HP: 32/34 MP: 3/3
  1326 | D:2      | Reached skill level 2 in Stealth
  1428 | D:2      | Reached skill level 1 in Dodging
  1772 | D:2      | Reached XP level 4. HP: 36/42 MP: 4/4
  1970 | D:3      | Reached skill level 3 in Stealth
  2253 | D:3      | Reached XP level 5. HP: 47/49 MP: 5/5
  2807 | D:4      | Found the +2 ratskin cloak {*Rats rPois rN+ Str-1 Int-1
                  | Dex+1}
  2909 | D:4      | Noticed a kobold brigand
  2916 | D:4      | Killed a kobold brigand
  3008 | D:4      | Found a hide-covered altar of Uskayaw.
  3039 | D:4      | Found a staircase to the Ecumenical Temple.
  3068 | Temple   | Entered the Ecumenical Temple
  3139 | Temple   | Became a worshipper of Cheibriados the Contemplative
  3162 | D:4      | Reached skill level 4 in Stealth
  3189 | D:4      | Reached XP level 6. HP: 55/56 MP: 6/6
  4199 | D:4      | Reached skill level 5 in Stealth
  4384 | D:4      | Reached * piety under Cheibriados
  4540 | D:4      | Reached XP level 7. HP: 49/62 MP: 7/7
  4646 | D:5      | Entered Level 5 of the Dungeon
  4992 | D:5      | Reached skill level 6 in Stealth
  4992 | D:5      | Reached XP level 8. HP: 39/69 MP: 8/8
  5192 | D:5      | Found a glowing golden altar of the Shining One.
  5225 | D:5      | Reached ** piety under Cheibriados
  5497 | D:6      | Reached skill level 5 in Axes
  5546 | D:6      | Found a shimmering blue altar of Sif Muna.
  5546 | D:6      | Found a broken altar of Ashenzari.
  5897 | D:6      | Reached *** piety under Cheibriados
  6107 | D:6      | Reached XP level 9. HP: 79/79 MP: 9/9
  6572 | D:7      | Reached skill level 5 in Armour
  6574 | D:7      | Reached skill level 7 in Stealth
  6830 | D:7      | Reached skill level 5 in Fighting
  7168 | D:7      | Reached **** piety under Cheibriados
  7309 | D:7      | Gained mutation: You sometimes lose your temper in combat.
                  | [potion of mutation]
  7309 | D:7      | Gained mutation: You are agile. (Dex +4, Str/Int -1)
                  | [potion of mutation]
  7506 | D:7      | Found an ornate altar of the Wu Jian Council.
  7563 | D:8      | Found a staircase to the Lair.
  7610 | D:8      | Reached skill level 5 in Shields
  7611 | D:8      | Noticed Psyche
  7627 | D:8      | Killed Psyche
  7628 | D:8      | Reached skill level 5 in Dodging
  7628 | D:8      | Reached XP level 10. HP: 69/91 MP: 10/10
  7636 | D:8      | Reached skill level 8 in Stealth
  8154 | D:8      | Noticed a boulder beetle
  8594 | D:8      | Reached ***** piety under Cheibriados
  9204 | D:8      | Noticed a deep elf pyromancer
  9218 | D:8      | Killed a deep elf pyromancer
  9250 | D:8      | Reached skill level 1 in Invocations
  9273 | D:8      | HP: 4/92 [wyvern (7)]
  9274 | D:8      | Slain by a wyvern

Illustrated notes

Levels and vault maps discovered:
D:1:      arrival_aquarium_b, layout_loops_corners, kennysheep_boxes
D:2:      layout_rooms, minmay_misc_feat_diagonals, chequers_avenue
D:3:      layout_basic
D:4:      minmay_chambers_of_fours, layout_cave_pods,
          mainiacjoe_overflow_concentric_impassable, minmay_temple_entry_grid,
          serial_column_ruins, column_ruins_grid_1, column_ruins_grid_2,
          column_ruins_grid_1, column_ruins_open_large
D:5:      layout_loops_ring, nicolae_tso_carved_into_rock
D:6:      minmay_flawed_box, layout_layer_cave, jmf_multi_god_temple,
          nicolae_half_adder
D:7:      layout_basic, marbit_many_paths, serial_undead, serial_undead_f,
          serial_undead_c, serial_undead_a, serial_undead_a, serial_undead_e,
          serial_undead_f, kennysheep_generic_room_2
D:8:      nzn_winding_woodlands_three_and_one
          [nzn_winding_woodlands_5x15_crooked, nzn_winding_woodlands_5x15_cabin,
          nzn_winding_woodlands_5x15_split_checker,
          nzn_winding_woodlands_center_pierced_h], layout_basic,
          lair_entry_dummy, uniq_psyche
Temple:   eino_wide_crystal_templ

Skill      XL: |  1  2  3  4  5  6  7  8  9 10 |
---------------+-------------------------------+-----
Stealth        | 1 2 3 4 5 6 7 8 |  8.6
Dodging        | 1 2 3 4 5 |  5.9
Armour         | 3 4 5 6 |  6.4
Axes           | 3 4 5 6 7 |  7.2
Shields        | 3 4 5 |  5.7
Fighting       | 4 5 6 |  6.7
Invocations    | 1 |  1.0

Action                     |  1- 3 |  4- 6 |  7- 9 | 10-12 || total
---------------------------+-------+-------+-------+-------++-------
  Melee: War axe           |    78 |   124 |   317 |   168 ||   687
 Invoke: Bend Time         |       |       |     1 |       ||     1
         Temporal Distorti |       |       |       |     1 ||     1
Ability: Spit Poison       |     2 |     7 |     1 |     3 ||    13
    Use: Scroll            |       |     9 |     8 |     1 ||    18
         Potion            |       |     3 |     4 |     1 ||     8
   Stab: Sleeping          |       |     1 |     6 |     3 ||    10
         Distracted        |       |       |     1 |     5 ||     6
 Armour: Scale mail        |    48 |    46 |   152 |    53 ||   299
         Chain mail        |       |       |       |    27 ||    27
  Dodge: Dodged            |    52 |    76 |   188 |   113 ||   429
  Block: Buckler           |    20 |    34 |   119 |    95 ||   268

Table legend: (Time is in decaauts)
 A = Elapsed time spent in this place.
 B = Non-inter-level travel time spent in this place.
 C = Inter-level travel time spent in this place.
 D = Time resting spent in this place.
 E = Time spent auto-exploring this place.
 F = Levels seen in this place.
 G = Mean time per level.
                   A        B        C        D        E       F      G
               +--------+--------+--------+--------+--------+-----+--------+
         Total |  14534 |  13556 |    978 |   1651 |   9640 |   9 | 1614.9 |
       Dungeon |  14423 |  13483 |    940 |   1651 |   9584 |   8 | 1802.9 |
        Temple |    111 |     73 |     38 |      0 |     56 |   1 |  111.0 |
               +--------+--------+--------+--------+--------+-----+--------+

Top non-repeatable levels by time:
     D:8: 2717 daAuts
     D:6: 2302 daAuts
     D:4: 2200 daAuts
     D:7: 1843 daAuts
     D:3: 1560 daAuts
     D:5: 1342 daAuts
     D:1: 1292 daAuts
     D:2: 1165 daAuts
  Temple: 111 daAuts
